 Dungeon Crawl Stone Soup version 0.32-a0-411-g744942f433 (webtiles) character file.

Game seed: 16115526517590027163

124 BubbleThief the Sneak (level 4, -18/30 HPs)
             Began as a Vampire Enchanter on Feb 20, 2024.
             Demolished by Crazy Yiuf
             ... wielding a +2 quarterstaff of chaos
              (19 damage)
             ... on level 2 of the Dungeon.
             The game lasted 00:02:21 (1946 turns).

BubbleThief the Sneak (Vampire Enchanter)           Turns: 1946, Time: 00:02:22

Health: -18/30     AC:  3    Str:  7    XL:     4   Next: 81%
Magic:  1/7        EV: 12    Int: 17    God:
Gold:   142        SH:  0    Dex: 16    Spells: 5/7 levels left

rFire   . . .        a - +1 dagger
rCold   . . .        (no shield)
rNeg    . . .        b - +0 robe
rPois   .            (no helmet)
rElec   .            (no cloak)
rCorr   .            (no gloves)
SInv    +            l - +0 pair of boots
Will    .....        (no amulet)
Stlth   +++          (no ring)
HPRegen 0.45/turn    (no ring)
MPRegen 0.10/turn

%: no passive effects
@: weak-willed, healing quickly
A: alive, fangs 3, see invisible, vampiric 2
a: Exsanguinate


You were on level 2 of the Dungeon.
You visited 1 branch of the dungeon, and saw 2 of its levels.

You collected 142 gold pieces.

Inventory:

Hand Weapons
 a - a +1 dagger (weapon)
Armour
 b - a +0 robe (worn)
 l - a +0 pair of boots (worn)
Jewellery
 m - a ring of flight
Scrolls
 d - 2 scrolls of enchant armour {unknown}
 f - a scroll of revelation {unknown}
 h - a scroll of fear {unknown}
 i - 2 scrolls of enchant weapon {unknown}
 n - 2 scrolls of identify {unknown}
 p - a scroll of brand weapon {unknown}
Potions
 c - 2 potions of invisibility
 e - a potion of cancellation {unknown}
 g - a potion of ambrosia {unknown}
 j - a potion of attraction {unknown}
 k - a potion of curing {unknown}
 o - 2 potions of heal wounds {unknown}


   Skills:
 + Level 3.0 Short Blades
 - Level 2.1 Dodging
 + Level 6.1 Stealth
 - Level 2.0 Spellcasting
 + Level 5.9 Hexes


You had 5 spell levels left.
You knew the following spells:

 Your Spells              Type           Power      Damage    Failure   Level
a - Ensorcelled Hibernat  Hex/Ice        22%        N/A       9%          2

Your spell library contained the following spells:

 Spells                   Type           Power      Damage    Failure   Level
 Confusing Touch          Hex            21%        N/A       4%          3
 Tukima's Dance           Hex            21%        N/A       4%          3
 Dazzling Flash           Conj/Hex       22%        N/A       17%         3
 Fugue of the Fallen      Necr           1%         N/A       50%         3
 Anguish                  Hex/Necr       5%         N/A       50%         4


Dungeon Overview and Level Annotations

Branches:
Dungeon (2/15)

Altars:
Qazlal

Shops:
D:1 *

Annotations:
D:1 2 transporters
D:2 Crazy Yiuf


Innate Abilities, Weirdness & Mutations

Your natural rate of healing is accelerated.
You have razor-sharp teeth.
You have supernaturally acute eyesight. (SInv)
You are afflicted with vampirism and can become a bat while bloodless.


Message History

Aiming: Ensorcelled Hibernation (safe; 9% risk of failure)
Press: ? - help, Shift-Dir - straight line, f/p - Crazy Yiuf
Aim: Crazy Yiuf, wielding a +2 quarterstaff of chaos and wearing a +0 cloak of willpower (chance to affect: 21%) Crazy Yiuf resists with almost no effort.
Crazy Yiuf laughs, "Defame pontify ragdoll!"
Crazy Yiuf hits you with a +2 quarterstaff of chaos!
Casting: Ensorcelled Hibernation (safe; 9% risk of failure)
Confirm with . or Enter, or press ? or * to list all spells.
Aiming: Ensorcelled Hibernation (safe; 9% risk of failure)
Press: ? - help, Shift-Dir - straight line, f/p - Crazy Yiuf
Aim: Crazy Yiuf, wielding a +2 quarterstaff of chaos and wearing a +0 cloak of willpower (chance to affect: 21%) Crazy Yiuf resists with almost no effort.
Crazy Yiuf sings, "Trees, trees, trees, circus!"
Crazy Yiuf hits you with a +2 quarterstaff of chaos.
Your willpower is stripped away!
Throw: throwing net
Press: ? - help, Q - select action, (/) - cycle Shift-Dir - straight line, f/p - Crazy Yiuf
Aim: Crazy Yiuf, wielding a +2 quarterstaff of chaos and wearing a +0 cloak of willpower (60% to hit)
You throw a throwing net.
The throwing net closely misses Crazy Yiuf.
Crazy Yiuf barely misses you.
You hit Crazy Yiuf.
Crazy Yiuf is lightly wounded.
Crazy Yiuf hits you with a +2 quarterstaff of chaos.
Crazy Yiuf freezes you.
Unknown command.
You hit Crazy Yiuf but do no damage.
Crazy Yiuf is lightly wounded.
Crazy Yiuf misses you.
Unknown command.
You barely miss Crazy Yiuf.
Crazy Yiuf is lightly wounded.
Unknown command.
You barely miss Crazy Yiuf.
Crazy Yiuf is lightly wounded.
Crazy Yiuf hits you with a +2 quarterstaff of chaos!
* * * LOW HITPOINT WARNING * * *
You convulse!!
Ouch! That really hurt!
You die...

#.#...#.......#
#.##...
#.......#######
#......
####.#...#.#
#####.#
...........# #####
#.# #######.##.#
#.()# #.# #.##.#
#...# #.# ##'##.#
... ### #.#
##..)### #g# #.##
#.# ##.....## ♣♣@♣
#..# #.#
##.......# ♣.♣♣
#..# ##.#
###........# ♣♣.♣
#..######...
..'........# ♣.♣♣
#...........
###........# ♣♣.♣♣
#########...
##.......# ♣...♣♣
#..# ##.....##
♣....♣ #.##
##...## #....# #.#
#####'######....##
#.#


You could see Crazy Yiuf.

Vanquished Creatures
  3 gnolls (D:2)
  An adder (D:2)
  A ribbon worm (D:2)
  3 bats
  7 endoplasms
  A giant cockroach (D:1)
  2 goblins (D:2)
  4 hobgoblins
  2 jackals (D:1)
  4 kobolds
  4 quokkas
  5 ball pythons
  3 frilled lizards
  9 rats
49 creatures vanquished.

Notes
Turn   | Place    | Note
-------+----------+-------------------------------------------
     0 | D:1      | BubbleThief the Vampire Enchanter began the quest for the
                  | Orb.
     0 | D:1      | Reached XP level 1. HP: 13/13 MP: 3/3
   246 | D:1      | Found a transporter.
   252 | D:1      | Found Riakkett's General Store.
   258 | D:1      | Reached XP level 2. HP: 14/19 MP: 5/5
   286 | D:1      | Found a transporter.
   358 | D:1      | Reached skill level 5 in Stealth
   420 | D:1      | Reached skill level 5 in Hexes
   428 | D:1      | Gained mutation: You are afflicted with vampirism and can
                  | become a bat while bloodless. [Vampire growth]
   428 | D:1      | Reached XP level 3. HP: 14/24 MP: 6/6
  1078 | D:2      | Learned a level 2 spell: Ensorcelled Hibernation
  1138 | D:2      | Reached XP level 4. HP: 30/30 MP: 7/7
  1517 | D:2      | Reached skill level 6 in Stealth
  1596 | D:2      | Found a stormy altar of Qazlal.
  1617 | D:2      | Found a runed translucent door.
  1618 | D:2      | Noticed Crazy Yiuf
  1946 | D:2      | HP: 1/30 [Crazy Yiuf/+2 quarterstaff of chaos (13)]
  1946 | D:2      | Demolished by Crazy Yiuf

Illustrated notes

Levels and vault maps discovered:
D:1:      nicolae_arrival_somewhat_less_tricky_arrival, layout_basic,
          serial_shops, nicolae_shop_drivethru, minmay_heptomino_h4
D:2:      layout_loops_corners, basic_altar, uniq_crazy_yiuf_cottage

Skill      XL: |  1  2  3  4 |
---------------+-------------+-----
Stealth        | 5 6 |  6.1
Short Blades   | 2 3 |  3.0
Hexes          | 5 |  5.9
Dodging        | |  2.1
Spellcasting   | |  2.0

Action                     |  1- 3 |  4- 6 || total
---------------------------+-------+-------++-------
  Melee: Dagger            |    89 |    32 ||   121
         Bite              |    10 |     4 ||    14
  Throw: Throwing net      |       |     1 ||     1
   Cast: Ensorcelled Hiber |       |     8 ||     8
   Stab: Sleeping          |    11 |     9 ||    20
 Armour: Robe              |    41 |    17 ||    58
  Dodge: Dodged            |    53 |    13 ||    66

Table legend: (Time is in decaauts)
 A = Elapsed time spent in this place.
 B = Non-inter-level travel time spent in this place.
 C = Inter-level travel time spent in this place.
 D = Time resting spent in this place.
 E = Time spent auto-exploring this place.
 F = Levels seen in this place.
 G = Mean time per level.
                   A        B        C        D        E       F      G
               +--------+--------+--------+--------+--------+-----+--------+
         Total |   1932 |   1912 |     20 |      0 |   1557 |   2 |  966.0 |
       Dungeon |   1932 |   1912 |     20 |      0 |   1557 |   2 |  966.0 |
               +--------+--------+--------+--------+--------+-----+--------+

Top non-repeatable levels by time:
     D:2: 1111 daAuts
     D:1: 821 daAuts
